General information
- name: BNet
- type: Ladder team game (AT/RT)
- host: Battle.net
- saver: InvisableProtis
map: MarketSquare
- players: 8
- length: 51:27
- speed: Fast
- version: 1.26 W3XP
- replay type: Public
» download(324 KB)
Players
team 1 (winner)
turalyons (
orange | 26 APM | 1345 actions | 51:23)
3 Blademaster
1 Wind Walk
2 Critical Strike
1 Shadow Hunter
1 Hex
1 Death Knight
1 Unholy Aura
» actions
| Assign group hotkey | 114 | |
| Basic commands | 145 | |
| Build / train | 70 | |
| Enter build submenu | 27 | |
| Enter hero's abilities submenu | 5 | |
| Right click | 520 | |
| Select / deselect | 293 | |
| Select group hotkey | 118 | |
| Use ability | 53 | |
1345 total
» units
| Peon | 8 | |
| Grunt | 6 | |
| Acolyte | 22 | |
| Ghoul | 3 | |
| Gargoyle | 12 | |
| Meatwagon | 1 | |
52 total
» upgrades
» buildings
| Orc Burrow | 3 | |
| Altar of Storms | 1 | |
| Barracks | 1 | |
| Stronghold | 1 | |
| Voodoo Lounge | 1 | |
| Necropolis | 1 | |
| Ziggurat | 12 | |
| Altar of Darkness | 1 | |
| Nerubian Tower | 2 | |
| Crypt | 2 | |
| Halls of the Dead | 1 | |
| Graveyard | 1 | |
| Slaughterhouse | 2 | |
| Spirit Tower | 1 | |
30 total
» build order
00:22 Orc Burrow
00:24 Altar of Storms
00:42 Barracks
01:35 Orc Burrow
02:37 Orc Burrow
04:07 Stronghold
04:58 Voodoo Lounge
25:48 Necropolis
26:32 Ziggurat
30:34 Altar of Darkness
30:39 Ziggurat
30:45 Ziggurat
30:51 Ziggurat
31:36 Nerubian Tower
31:43 Crypt
31:49 Nerubian Tower
32:57 Ziggurat
33:01 Ziggurat
33:05 Ziggurat
37:41 Halls of the Dead
37:49 Ziggurat
37:53 Ziggurat
37:55 Ziggurat
38:01 Ziggurat
38:38 Graveyard
40:20 Crypt
43:31 Slaughterhouse
43:37 Slaughterhouse
44:01 Ziggurat
45:48 Spirit Tower
» items
| Scroll of Town Portal | 1 | |
| Scroll of Speed | 1 | |
| Healing Salve | 1 | |
| Boots of Speed | 1 | |
| Potion of Lesser Invulnerability | 1 | |
5 total
ImGoing14Hatch (
blue | 146 APM | 7520 actions | 51:23)
10 Archmage
3 Brilliance Aura
3 Summon Water Elemental
1 Mass Teleport
3 Blizzard
» actions
| Assign group hotkey | 318 | |
| Basic commands | 1183 | |
| Build / train | 223 | |
| ESC pressed | 15 | |
| Enter build submenu | 66 | |
| Enter hero's abilities submenu | 13 | |
| Give item / drop item | 3 | |
| Right click | 2428 | |
| Select / deselect | 1123 | |
| Select group hotkey | 1828 | |
| Use ability | 320 | |
7520 total
» units
| Peasant | 52 | |
| Footman | 12 | |
| Dragonhawk Rider | 3 | |
| Flying Machine | 4 | |
| Gryphon Rider | 7 | |
| Siege Engine | 1 | |
79 total
» upgrades
| Defend | 1 | |
| Swords | 3 | |
| Armor | 3 | |
| Masonry | 3 | |
| Flak Cannons | 1 | |
| Plating | 4 | |
| Gunpowder | 4 | |
| Sorceress Training | 2 | |
| Priest Training | 2 | |
| Magic Sentry | 1 | |
| Lumber Harvesting | 2 | |
| Storm Hammers | 1 | |
| Cloud | 2 | |
29 total
» buildings
| Barracks | 4 | |
| Farm | 13 | |
| Altar of Kings | 1 | |
| Lumber Mill | 4 | |
| Scout Tower | 95 | |
| Arcane Tower | 1 | |
| Arcane Vault | 1 | |
| Town Hall | 6 | |
| Keep | 3 | |
| Blacksmith | 2 | |
| Guard Tower | 74 | |
| Arcane Sanctum | 4 | |
| Workshop | 2 | |
| Gryphon Aviary | 4 | |
| Castle | 3 | |
| Cannon Tower | 3 | |
220 total
» build order
00:23 Barracks
00:35 Farm
00:36 Farm
00:50 Altar of Kings
00:56 Farm
01:05 Lumber Mill
01:52 Scout Tower
02:10 Farm
02:42 Arcane Tower
03:08 Farm
04:13 Farm
04:41 Farm
05:09 Arcane Vault
06:29 Town Hall
06:33 Lumber Mill
06:35 Lumber Mill
08:00 Keep
08:37 Farm
08:38 Farm
08:40 Blacksmith
08:40 Blacksmith
09:20 Scout Tower
09:20 Scout Tower
09:21 Scout Tower
09:22 Scout Tower
09:23 Scout Tower
09:49 Guard Tower
09:49 Guard Tower
09:49 Guard Tower
09:53 Keep
09:57 Guard Tower
10:06 Scout Tower
10:07 Scout Tower
10:08 Scout Tower
10:08 Scout Tower
10:28 Arcane Sanctum
10:29 Arcane Sanctum
10:31 Workshop
10:32 Workshop
10:36 Arcane Sanctum
10:37 Arcane Sanctum
10:39 Gryphon Aviary
10:39 Gryphon Aviary
10:56 Guard Tower
10:57 Guard Tower
11:02 Guard Tower
11:02 Guard Tower
11:32 Guard Tower
11:33 Guard Tower
11:33 Guard Tower
11:42 Scout Tower
11:43 Scout Tower
11:58 Castle
13:29 Guard Tower
14:47 Town Hall
15:26 Town Hall
16:33 Scout Tower
16:33 Scout Tower
16:33 Scout Tower
16:35 Scout Tower
16:35 Scout Tower
16:36 Scout Tower
17:00 Lumber Mill
17:34 Guard Tower
17:34 Guard Tower
18:08 Guard Tower
18:08 Guard Tower
18:20 Guard Tower
18:20 Guard Tower
18:20 Guard Tower
19:15 Guard Tower
19:55 Scout Tower
19:56 Scout Tower
19:57 Scout Tower
19:57 Scout Tower
19:58 Scout Tower
19:58 Scout Tower
19:59 Scout Tower
20:24 Guard Tower
20:25 Guard Tower
20:25 Guard Tower
20:39 Guard Tower
20:58 Guard Tower
21:28 Town Hall
23:03 Gryphon Aviary
23:03 Gryphon Aviary
25:48 Farm
25:49 Farm
25:49 Farm
27:14 Town Hall
27:18 Scout Tower
27:18 Scout Tower
27:19 Scout Tower
27:20 Scout Tower
27:21 Scout Tower
27:22 Scout Tower
27:23 Scout Tower
27:23 Scout Tower
27:26 Scout Tower
27:27 Scout Tower
27:27 Scout Tower
27:28 Scout Tower
27:28 Scout Tower
27:29 Scout Tower
27:52 Guard Tower
28:38 Guard Tower
28:38 Guard Tower
28:49 Scout Tower
28:50 Scout Tower
28:51 Scout Tower
28:51 Scout Tower
28:52 Scout Tower
28:52 Scout Tower
28:53 Scout Tower
28:54 Scout Tower
28:55 Scout Tower
28:55 Scout Tower
28:56 Scout Tower
28:57 Scout Tower
29:28 Guard Tower
29:31 Guard Tower
29:31 Guard Tower
29:45 Guard Tower
29:46 Guard Tower
29:47 Guard Tower
29:47 Guard Tower
30:10 Guard Tower
30:17 Guard Tower
30:30 Town Hall
31:06 Scout Tower
31:08 Scout Tower
31:08 Scout Tower
31:09 Scout Tower
31:57 Scout Tower
31:58 Scout Tower
31:59 Scout Tower
32:00 Scout Tower
32:00 Scout Tower
32:01 Scout Tower
32:02 Scout Tower
32:02 Scout Tower
32:04 Scout Tower
32:05 Scout Tower
32:05 Scout Tower
32:06 Scout Tower
32:07 Scout Tower
32:08 Scout Tower
32:09 Scout Tower
32:10 Scout Tower
32:11 Scout Tower
32:12 Scout Tower
32:19 Guard Tower
32:39 Guard Tower
32:39 Guard Tower
32:47 Guard Tower
32:47 Guard Tower
32:54 Guard Tower
32:54 Guard Tower
33:25 Guard Tower
33:26 Guard Tower
34:17 Barracks
34:18 Barracks
34:19 Barracks
34:41 Scout Tower
34:42 Scout Tower
34:43 Scout Tower
34:43 Scout Tower
34:44 Scout Tower
34:45 Scout Tower
34:46 Scout Tower
34:47 Scout Tower
34:48 Scout Tower
34:49 Scout Tower
34:50 Scout Tower
34:50 Scout Tower
34:51 Scout Tower
35:06 Scout Tower
35:08 Scout Tower
35:09 Scout Tower
35:10 Scout Tower
35:11 Scout Tower
35:11 Scout Tower
35:12 Scout Tower
35:12 Scout Tower
35:14 Scout Tower
35:16 Cannon Tower
35:16 Cannon Tower
35:22 Cannon Tower
35:47 Guard Tower
35:48 Guard Tower
35:48 Guard Tower
36:03 Guard Tower
36:03 Guard Tower
36:06 Guard Tower
36:06 Guard Tower
36:10 Guard Tower
36:10 Guard Tower
36:22 Guard Tower
36:23 Guard Tower
36:39 Guard Tower
36:39 Guard Tower
37:18 Guard Tower
37:20 Guard Tower
37:20 Guard Tower
37:21 Guard Tower
38:43 Guard Tower
41:07 Guard Tower
50:54 Farm
» items
| Scroll of Regeneration | 2 | |
| Lesser Clarity Potion | 2 | |
| Healing Salve | 2 | |
| Scroll of Town Portal | 3 | |
| Boots of Speed | 1 | |
| Scroll of Healing | 2 | |
| Staff of Teleportation | 1 | |
| Periapt of Vitality | 1 | |
14 total

»
InvisableProtis (
teal | 69 APM | 3551 actions | 51:27)
8 Death Knight
3 Death Coil
3 Unholy Aura
1 Animate Dead
1 Death Pact
8 Lich
3 Frost Nova
3 Dark Ritual
1 Death and Decay
1 Frost Armor
3 Pit Lord
2 Rain of Fire
1 Cleaving Attack
» actions
| Assign group hotkey | 66 | |
| Basic commands | 523 | |
| Build / train | 105 | |
| ESC pressed | 1 | |
| Enter build submenu | 42 | |
| Enter hero's abilities submenu | 20 | |
| Give item / drop item | 3 | |
| Right click | 1076 | |
| Select / deselect | 707 | |
| Select group hotkey | 828 | |
| Use ability | 180 | |
3551 total
» units
| Acolyte | 18 | |
| Ghoul | 4 | |
| Crypt Fiend | 13 | |
| Obsidian Statue | 10 | |
| Meatwagon | 4 | |
49 total
» upgrades
| Creature Attack | 3 | |
| Web | 1 | |
| Creature Carapace | 3 | |
| Burrow | 1 | |
| Destroyer Form | 1 | |
| Unholy Strength | 3 | |
12 total
» buildings
| Crypt | 2 | |
| Graveyard | 1 | |
| Ziggurat | 12 | |
| Tomb of Relics | 1 | |
| Nerubian Tower | 3 | |
| Altar of Darkness | 1 | |
| Spirit Tower | 4 | |
| Halls of the Dead | 1 | |
| Slaughterhouse | 2 | |
| Sacrificial Pit | 1 | |
| Black Citadel | 1 | |
| Necropolis | 1 | |
30 total
» build order
00:28 Crypt
00:35 Graveyard
01:11 Ziggurat
01:43 Ziggurat
01:47 Tomb of Relics
02:07 Nerubian Tower
02:10 Altar of Darkness
02:58 Ziggurat
03:02 Spirit Tower
03:14 Ziggurat
03:51 Ziggurat
03:53 Nerubian Tower
04:38 Ziggurat
05:21 Halls of the Dead
06:15 Spirit Tower
08:18 Slaughterhouse
11:31 Crypt
15:33 Sacrificial Pit
15:56 Ziggurat
15:57 Ziggurat
15:59 Ziggurat
16:27 Black Citadel
16:53 Nerubian Tower
16:54 Spirit Tower
16:57 Ziggurat
18:17 Spirit Tower
19:01 Necropolis
22:46 Slaughterhouse
32:49 Ziggurat
32:50 Ziggurat
» items
| Rod of Necromancy | 1 | |
| Dust of Appearance | 1 | |
| Scroll of Town Portal | 2 | |
| Potion of Healing | 3 | |
| Orb of Corruption | 1 | |
| Scroll of Healing | 2 | |
10 total
CarlosVc (
purple | 23 APM | 505 actions | 22:08)
2 Death Knight
1 Death Coil
1 Unholy Aura
» actions
| Assign group hotkey | 1 | |
| Basic commands | 11 | |
| Build / train | 59 | |
| Enter build submenu | 17 | |
| Enter hero's abilities submenu | 2 | |
| Remove unit from queue | 2 | |
| Right click | 187 | |
| Select / deselect | 186 | |
| Select group hotkey | 2 | |
| Use ability | 38 | |
505 total
» units
| Acolyte | 3 | |
| Ghoul | 4 | |
| Crypt Fiend | 2 | |
| Meatwagon | 11 | |
| Necromancer | 17 | |
| Obsidian Statue | 5 | |
42 total
» upgrades
| Exhume Corpses | 1 | |
| Disease Cloud | 1 | |
| Skeletal Mastery | 1 | |
3 total
» buildings
| Crypt | 1 | |
| Altar of Darkness | 2 | |
| Ziggurat | 6 | |
| Graveyard | 1 | |
| Nerubian Tower | 3 | |
| Spirit Tower | 3 | |
| Halls of the Dead | 1 | |
| Temple of the Damned | 1 | |
| Slaughterhouse | 1 | |
| Black Citadel | 1 | |
| Tomb of Relics | 1 | |
| Sacrificial Pit | 1 | |
22 total
» build order
00:08 Crypt
00:12 Altar of Darkness
00:18 Altar of Darkness
00:24 Ziggurat
01:14 Graveyard
01:35 Nerubian Tower
01:52 Ziggurat
02:09 Ziggurat
02:34 Ziggurat
03:01 Nerubian Tower
03:21 Nerubian Tower
03:25 Ziggurat
03:32 Spirit Tower
04:26 Spirit Tower
04:37 Ziggurat
05:03 Halls of the Dead
05:35 Spirit Tower
08:39 Temple of the Damned
08:46 Slaughterhouse
08:49 Black Citadel
11:45 Tomb of Relics
12:45 Sacrificial Pit
» items
team 2 (loser)
t1fail (
yellow | 26 APM | 1156 actions | 44:31)
7 Paladin
2 Holy Light
3 Devotion Aura
1 Divine Shield
1 Resurrection
» actions
| Build / train | 72 | |
| Enter build submenu | 34 | |
| Enter hero's abilities submenu | 7 | |
| Remove unit from queue | 3 | |
| Right click | 467 | |
| Select / deselect | 514 | |
| Use ability | 59 | |
1156 total
» units
| Peasant | 9 | |
| Rifleman | 9 | |
| Gryphon Rider | 5 | |
| Knight | 8 | |
| Dragonhawk Rider | 2 | |
| Flying Machine | 5 | |
| Siege Engine | 3 | |
41 total
» upgrades
| Gunpowder | 2 | |
| Plating | 2 | |
| Long Rifles | 1 | |
| Lumber Harvesting | 1 | |
| Storm Hammers | 1 | |
| Swords | 2 | |
| Animal War Training | 1 | |
| Cloud | 1 | |
| Flak Cannons | 1 | |
| Masonry | 1 | |
| Barrage | 1 | |
14 total
» buildings
| Altar of Kings | 2 | |
| Farm | 14 | |
| Blacksmith | 1 | |
| Lumber Mill | 1 | |
| Barracks | 2 | |
| Keep | 1 | |
| Castle | 1 | |
| Gryphon Aviary | 2 | |
| Arcane Vault | 1 | |
| Workshop | 2 | |
| Town Hall | 2 | |
| Scout Tower | 1 | |
30 total
» build order
00:21 Altar of Kings
00:36 Farm
00:52 Blacksmith
01:07 Lumber Mill
01:22 Farm
02:12 Barracks
03:57 Farm
04:00 Farm
04:48 Keep
08:00 Castle
08:10 Gryphon Aviary
08:11 Gryphon Aviary
08:19 Farm
09:00 Farm
10:04 Farm
10:59 Farm
11:45 Arcane Vault
15:04 Farm
15:09 Farm
16:11 Barracks
17:41 Farm
17:43 Farm
18:20 Farm
18:23 Farm
25:41 Workshop
25:45 Workshop
27:09 Town Hall
28:07 Scout Tower
33:31 Town Hall
37:54 Altar of Kings
» items
| Healing Salve | 1 | |
| Lesser Clarity Potion | 1 | |
| Scroll of Town Portal | 1 | |
| Orb of Fire | 1 | |
4 total
i-Teamkill (
pink | 54 APM | 2441 actions | 44:48)
7 Blademaster
3 Critical Strike
3 Wind Walk
1 Bladestorm
» actions
| Assign group hotkey | 334 | |
| Basic commands | 34 | |
| Build / train | 82 | |
| Enter build submenu | 58 | |
| Enter hero's abilities submenu | 7 | |
| Give item / drop item | 10 | |
| Right click | 1291 | |
| Select / deselect | 369 | |
| Select group hotkey | 100 | |
| Use ability | 156 | |
2441 total
» units
» upgrades
| Spiked Barricades | 3 | |
| Reinforced Defenses | 1 | |
| Ranged Weapons | 3 | |
| Burning Oil | 1 | |
| Armor | 3 | |
11 total
» buildings
| Orc Burrow | 6 | |
| Altar of Storms | 1 | |
| War Mill | 1 | |
| Voodoo Lounge | 2 | |
| Watch Tower | 44 | |
| Stronghold | 1 | |
| Fortress | 1 | |
| Barracks | 1 | |
57 total
» build order
00:08 Orc Burrow
00:13 Altar of Storms
00:54 War Mill
01:58 Voodoo Lounge
02:11 Watch Tower
02:15 Watch Tower
02:48 Watch Tower
03:06 Watch Tower
03:26 Watch Tower
03:52 Watch Tower
03:56 Watch Tower
04:07 Watch Tower
05:02 Watch Tower
05:12 Stronghold
05:28 Watch Tower
06:17 Watch Tower
06:38 Watch Tower
06:55 Orc Burrow
07:24 Watch Tower
07:36 Fortress
07:47 Watch Tower
08:30 Watch Tower
09:05 Watch Tower
09:39 Watch Tower
10:14 Watch Tower
10:48 Watch Tower
11:26 Voodoo Lounge
13:34 Watch Tower
14:49 Watch Tower
16:47 Watch Tower
17:00 Barracks
17:11 Watch Tower
17:59 Watch Tower
18:59 Orc Burrow
19:06 Orc Burrow
21:24 Watch Tower
23:30 Watch Tower
25:57 Watch Tower
27:37 Watch Tower
28:42 Watch Tower
28:51 Watch Tower
28:56 Watch Tower
29:00 Watch Tower
29:04 Watch Tower
29:09 Watch Tower
30:29 Watch Tower
30:36 Watch Tower
30:45 Watch Tower
31:05 Orc Burrow
34:27 Watch Tower
34:30 Watch Tower
34:53 Watch Tower
35:44 Watch Tower
35:56 Watch Tower
36:20 Watch Tower
36:49 Watch Tower
37:11 Orc Burrow
» items
| Healing Salve | 4 | |
| Potion of Healing | 15 | |
| Potion of Mana | 7 | |
| Orb of Lightning | 1 | |
| Lesser Clarity Potion | 3 | |
| Scroll of Town Portal | 6 | |
| Boots of Speed | 1 | |
| Potion of Lesser Invulnerability | 1 | |
38 total
new11 (
green | 24 APM | 1240 actions | 51:23)
7 Blademaster
3 Critical Strike
3 Wind Walk
1 Bladestorm
» actions
| Assign group hotkey | 45 | |
| Basic commands | 209 | |
| Build / train | 57 | |
| ESC pressed | 14 | |
| Enter build submenu | 57 | |
| Enter hero's abilities submenu | 7 | |
| Give item / drop item | 12 | |
| Remove unit from queue | 2 | |
| Right click | 278 | |
| Select / deselect | 361 | |
| Select group hotkey | 75 | |
| Use ability | 123 | |
1240 total
» units
| Peon | 16 | |
| Troll Headhunter/Berserker | 8 | |
| Wind Rider | 9 | |
33 total
» upgrades
| Ranged Weapons | 3 | |
| Armor | 3 | |
| Reinforced Defenses | 1 | |
| Envenomed Spears | 1 | |
8 total
» buildings
| Altar of Storms | 1 | |
| Orc Burrow | 4 | |
| War Mill | 1 | |
| Barracks | 1 | |
| Watch Tower | 31 | |
| Voodoo Lounge | 1 | |
| Stronghold | 1 | |
| Fortress | 1 | |
| Beastiary | 4 | |
| Great Hall | 7 | |
52 total
» build order
01:34 Altar of Storms
01:57 Orc Burrow
02:11 War Mill
02:50 Orc Burrow
03:04 Barracks
03:45 Watch Tower
04:00 Watch Tower
04:55 Voodoo Lounge
05:24 Orc Burrow
06:07 Watch Tower
06:35 Watch Tower
06:38 Stronghold
06:50 Orc Burrow
07:35 Watch Tower
09:00 Fortress
11:26 Beastiary
11:30 Beastiary
11:36 Beastiary
11:41 Beastiary
12:33 Great Hall
12:39 Great Hall
12:45 Great Hall
12:59 Great Hall
17:15 Great Hall
18:23 Great Hall
23:01 Great Hall
37:23 Watch Tower
37:27 Watch Tower
37:33 Watch Tower
37:39 Watch Tower
37:44 Watch Tower
37:48 Watch Tower
38:03 Watch Tower
38:12 Watch Tower
38:18 Watch Tower
38:22 Watch Tower
38:31 Watch Tower
39:36 Watch Tower
39:40 Watch Tower
39:44 Watch Tower
39:48 Watch Tower
39:52 Watch Tower
39:55 Watch Tower
40:07 Watch Tower
40:13 Watch Tower
40:18 Watch Tower
40:30 Watch Tower
40:36 Watch Tower
40:40 Watch Tower
40:49 Watch Tower
40:53 Watch Tower
40:57 Watch Tower
» items
| Healing Salve | 1 | |
| Lesser Clarity Potion | 2 | |
| Orb of Lightning | 1 | |
4 total

»
Free_Noob (
red | 19 APM | 836 actions | 44:59)
5 Blademaster
2 Wind Walk
3 Critical Strike
3 Tauren Chieftain
1 War Stomp
2 Shockwave
» actions
| Basic commands | 5 | |
| Build / train | 73 | |
| Enter build submenu | 28 | |
| Enter hero's abilities submenu | 8 | |
| Remove unit from queue | 4 | |
| Right click | 290 | |
| Select / deselect | 371 | |
| Use ability | 57 | |
836 total
» units
| Peon | 17 | |
| Wind Rider | 12 | |
| Shaman | 6 | |
| Troll Batrider | 8 | |
| Troll Headhunter/Berserker | 1 | |
44 total
» upgrades
| Ranged Weapons | 2 | |
| Spiked Barricades | 1 | |
| Armor | 2 | |
| Shaman Training | 2 | |
| Envenomed Spears | 1 | |
| Reinforced Defenses | 1 | |
| Liquid Fire | 1 | |
| Berserker Upgrade | 1 | |
11 total
» buildings
| Orc Burrow | 7 | |
| Altar of Storms | 1 | |
| War Mill | 1 | |
| Voodoo Lounge | 1 | |
| Stronghold | 1 | |
| Watch Tower | 8 | |
| Fortress | 1 | |
| Beastiary | 2 | |
| Spirit Lodge | 1 | |
| Great Hall | 6 | |
| Barracks | 1 | |
30 total
» build order
00:50 Orc Burrow
01:05 Altar of Storms
01:44 Orc Burrow
01:50 War Mill
02:17 Voodoo Lounge
02:43 Orc Burrow
04:37 Stronghold
04:39 Watch Tower
04:43 Watch Tower
06:12 Orc Burrow
06:14 Watch Tower
06:58 Fortress
07:09 Beastiary
07:15 Spirit Lodge
07:35 Beastiary
08:34 Orc Burrow
10:26 Orc Burrow
12:23 Great Hall
15:35 Great Hall
18:17 Orc Burrow
20:31 Watch Tower
20:37 Watch Tower
21:06 Barracks
22:20 Great Hall
26:35 Great Hall
27:46 Great Hall
28:09 Great Hall
29:02 Watch Tower
29:52 Watch Tower
29:56 Watch Tower
» items
| Lesser Clarity Potion | 2 | |
| Healing Salve | 2 | |
4 total
Chat log
(00:13 / All) InvisableProtis: In my experience, a lot of our best chatlogs come from this map.
(00:14 / All) turalyons: pink u know what must be done
(00:15 / All) InvisableProtis: Should be good.
(00:31 / All) ImGoing14Hatch: You better not backstab.
(00:32 / All) turalyons: live upto your name pink
(00:37 / All) i-Teamkill: was i in a game w/ u just before
(00:44 / All) ImGoing14Hatch: And yeah Pies, this map always delivers.
(00:45 / All) ImGoing14Hatch: Dunno why.
(01:00 / All) InvisableProtis: chokepoint expansions
(01:04 / All) i-Teamkill: if this map had a market , it would be boss
(01:04 / All) InvisableProtis: there's why
(01:07 / All) ImGoing14Hatch: lol
(01:16 / All) Free_Noob: stfu
(01:20 / All) ImGoing14Hatch: Why?
(01:31 / All) InvisableProtis: Teelos back lol
(01:35 / All) ImGoing14Hatch: OH FFS
(01:53 / All) InvisableProtis: he says to go ahead and play this though'
(02:00 / All) ImGoing14Hatch: He better.
(02:13 / All) InvisableProtis: Oh right
(02:14 / All) InvisableProtis: an altar
(02:17 / All) InvisableProtis: knew i forgot somethign
(02:21 / All) ImGoing14Hatch: lol
(02:22 / All) InvisableProtis: fucking googlechat
(02:25 / All) InvisableProtis: disrupting my build order
(02:35 / Allies) ImGoing14Hatch: He's teching.
(03:42 / All) InvisableProtis: I've had the deus ex menu theme stuck in my head for the past couple days
(03:46 / All) InvisableProtis: It will not leave apparently.
(03:48 / All) ImGoing14Hatch: Good.
(03:56 / All) InvisableProtis: I'm ok with that though
(04:05 / All) ImGoing14Hatch: Deus Ex is baller.
(04:13 / All) InvisableProtis: yeah i'm really enjoying it
(04:26 / All) InvisableProtis: I'm almost at the "what a shame" scene
(04:34 / All) ImGoing14Hatch: lol
(05:06 / All) InvisableProtis: how has your bioshock/invisableprotiswar going?
(05:12 / All) ImGoing14Hatch: Eh.
(05:13 / Allies) InvisableProtis: been going*
(05:22 / All) ImGoing14Hatch: fine.
(05:22 / All) ImGoing14Hatch: lol
(05:41 / Allies) ImGoing14Hatch: Gotta cram here.
(05:44 / All) InvisableProtis: i ended up getting this on amazon from the uk
(05:49 / All) InvisableProtis: And it came with deus ex 2
(06:03 / All) InvisableProtis: figured, for $7, was a good deal
(06:04 / Allies) ImGoing14Hatch: misping
(06:09 / Allies) ImGoing14Hatch: Yah.
(06:24 / All) InvisableProtis: it says "PLAY BOTH GREAT GAMES!!!!"
(06:24 / All) InvisableProtis: lol
(06:25 / Allies) ImGoing14Hatch: Gonna go heal.
(06:44 / Allies) InvisableProtis: lol
(06:48 / Allies) ImGoing14Hatch: No one even pretends Invisible War exists anymore.
(06:48 / Allies) InvisableProtis: orange has been gettin ghis ass kicked the whole game
(06:59 / Allies) ImGoing14Hatch: Ugh, portaling in a sec.
(07:04 / Allies) InvisableProtis: apparently PC GAMER does lol
(07:07 / Allies) InvisableProtis: 92% or something
(07:11 / All) turalyons: noobs my team
(07:14 / All) ImGoing14Hatch: YOU SUCK
(07:15 / Allies) InvisableProtis: lol
(07:15 / All) ImGoing14Hatch: LEAVE
(07:18 / All) t1fail: gg
(07:24 / All) turalyons: dont kill me iam gonna backstavb
(07:28 / All) InvisableProtis: "noobs on my team"
(07:28 / All) Free_Noob: talk 2 much
(07:32 / All) Free_Noob: dont play
(07:32 / All) InvisableProtis: *sits outside of base with army*
(07:37 / All) InvisableProtis: *doesn't fight*
(07:40 / All) t1fail: oput
(07:43 / All) InvisableProtis: lol
(07:44 / All) InvisableProtis: he's backstabbing
(07:47 / All) InvisableProtis: I"LL SAVE YOU BLUE
(07:50 / All) ImGoing14Hatch: Alright then, 3v5.
(07:54 / Allies) ImGoing14Hatch: }
(07:56 / All) ImGoing14Hatch: Kill him.
(07:57 / Allies) ImGoing14Hatch: I got his mine.
(07:57 / All) InvisableProtis: i'm good with these odds
(08:06 / Allies) turalyons: ok lets play
(08:08 / Allies) InvisableProtis: i'll make ghettos
(08:10 / Allies) InvisableProtis: Too late bub
(08:15 / Allies) InvisableProtis: You sold your life today
(08:16 / Allies) ImGoing14Hatch: Watch your base.
(08:49 / All) turalyons: come kill us guys
(08:55 / All) InvisableProtis: LOL
(08:57 / All) InvisableProtis: nice wall
(08:58 / All) InvisableProtis: on that
(09:20 / All) InvisableProtis: dang
(09:21 / All) turalyons: rofl
(09:24 / Allies) turalyons: nice his a noob
(09:43 / All) t1fail: oj say to us what they do for units
(09:50 / All) turalyons: will do
(09:50 / All) t1fail: what units they get
(09:58 / Allies) turalyons: they got an expansion
(10:02 / All) Free_Noob: lolololololololol
(10:12 / All) turalyons: dont kill me
(10:19 / All) Free_Noob: i wont
(10:43 / All) turalyons: leave my shop
(10:47 / All) turalyons: i need stuff
(10:52 / All) Free_Noob: yeah
(10:54 / All) t1fail: dont kill shop red
(10:57 / All) Free_Noob: dont kill oj
(11:09 / All) InvisableProtis: In warcraft 2, Orange was the human faction that backstabbed.
(11:10 / All) turalyons: blue has expo
(11:11 / All) t1fail: ya dont touch oj
(11:13 / All) InvisableProtis: I thought that was itneresting.
(11:15 / All) ImGoing14Hatch: It's true!
(11:17 / Allies) turalyons: at 2 oclock
(11:21 / All) turalyons: at 2 oclock
(11:23 / All) InvisableProtis: Fucking alterac
(11:24 / All) InvisableProtis: Worst ally ever
(11:38 / All) t1fail: lue
(11:40 / All) InvisableProtis: even worse than jaina on orc 8
(11:46 / All) InvisableProtis: Where she yells at you to come save her base
(11:49 / All) InvisableProtis: When there's nothing fucking there.
(11:50 / All) turalyons: blue building sanctums
(12:00 / All) turalyons: teal has mass spiders
(12:16 / Allies) InvisableProtis: gonna grab this one
(12:20 / All) turalyons: purple making necros
(12:21 / Allies) ImGoing14Hatch: Okay.
(12:31 / Allies) InvisableProtis: omw
(12:32 / All) t1fail: ok
(12:49 / All) turalyons: watch out red teal
(12:53 / Allies) turalyons: with spiders
(13:14 / Allies) ImGoing14Hatch: Nice job.
(13:21 / Allies) ImGoing14Hatch: Coming.
(13:23 / All) Free_Noob: omg
(13:26 / All) Free_Noob: -.-
(14:04 / Allies) InvisableProtis: damn
(14:07 / Allies) InvisableProtis: he really doesn't want me to get that
(14:28 / All) Free_Noob: leave my hero
(14:45 / All) InvisableProtis: anyone got extra gold?
(14:46 / Allies) ImGoing14Hatch: Gold me.
(14:57 / Allies) InvisableProtis: peon here lol
(15:01 / Allies) ImGoing14Hatch: I see it.
(15:23 / All) turalyons: lol purple is a shit cunt u guys atm losing to tela and blue
(15:30 / All) InvisableProtis: LOL
(15:37 / All) t1fail: need gold
(15:39 / All) turalyons: u guys dont group up ull lose to them
(15:50 / Allies) InvisableProtis: gonna make shads
(15:59 / All) ImGoing14Hatch: Good thing orange is functionally handicapped.
(16:02 / All) ImGoing14Hatch: He can't even relay information.
(16:05 / All) InvisableProtis: yeah lol
(16:13 / All) turalyons: dont give a fuck i win anyhows
(16:17 / All) InvisableProtis: LOL
(16:42 / All) ImGoing14Hatch: You think so, dickface?
(17:17 / Allies) InvisableProtis: yeah
(17:20 / All) turalyons: red out!!!
(17:21 / Allies) turalyons: now
(17:22 / Allies) InvisableProtis: looks like i'm not making destros anyway
(17:31 / Allies) InvisableProtis: least not until they start asking for it
(17:40 / All) ImGoing14Hatch: We're killing you after the game is over, orange.
(17:42 / All) ImGoing14Hatch: You're not getting the win.
(17:45 / Allies) InvisableProtis: i don't think he cares
(17:49 / Allies) InvisableProtis: otherwise he wouldn't backstab
(17:51 / All) ImGoing14Hatch: Did you hear him?
(17:54 / All) ImGoing14Hatch: He said he's getting the win anyway.
(18:00 / Allies) InvisableProtis: yeah
(18:01 / Allies) InvisableProtis: well
(18:11 / Allies) InvisableProtis: doesn't seem like he realyl cares about it lol
(18:50 / Allies) InvisableProtis: aw
(18:52 / Allies) InvisableProtis: bad timing ont hat lol
(19:04 / Allies) ImGoing14Hatch: Just contain.
(19:05 / Allies) ImGoing14Hatch: We're fine.
(19:07 / Allies) InvisableProtis: ok
(19:47 / Allies) ImGoing14Hatch: Lumber.
(19:52 / Allies) ImGoing14Hatch: I got it.
(19:53 / Allies) ImGoing14Hatch: Cancel.
(19:58 / All) turalyons: u guys suck losing to this 2 idiots
(20:02 / All) ImGoing14Hatch: You're shit.
(20:02 / All) InvisableProtis: lol
(20:02 / All) ImGoing14Hatch: Shut up.
(20:25 / Allies) InvisableProtis: wiih
(20:27 / Allies) InvisableProtis: go purp lol
(20:35 / Allies) ImGoing14Hatch: Don't fight that.
(20:36 / Allies) ImGoing14Hatch: You mad?
(20:41 / Allies) InvisableProtis: haha
(20:53 / Allies) ImGoing14Hatch: More lumber.
(20:55 / Allies) ImGoing14Hatch: Quick!
(21:01 / Allies) InvisableProtis: now he's got knighst too
(21:12 / Allies) ImGoing14Hatch: lol
(21:36 / All) ImGoing14Hatch: E-Z wins here.
(21:40 / Allies) turalyons: u guys are fucked but this guys are worse
(21:46 / Allies) InvisableProtis: what the hell
(21:49 / Allies) InvisableProtis: did that even mean
(21:53 / Allies) InvisableProtis: what the fuck
(21:56 / Allies) ImGoing14Hatch: He's dissing our ability to win 2v5.
(22:03 / Allies) InvisableProtis: yeah i know that
(22:11 / Allies) InvisableProtis: but that was one of the weirdest sentences i ever heard
(22:12 / All) InvisableProtis: Ok
(22:14 / All) InvisableProtis: Now it's over
(22:16 / All) InvisableProtis: You guys are fucked
(22:19 / All) i-Teamkill: lol
(22:22 / All) i-Teamkill: ur best player left
(22:23 / All) i-Teamkill: purple
(22:24 / All) InvisableProtis: LOL
(22:35 / All) ImGoing14Hatch: Can you guys leave now?
(22:36 / All) InvisableProtis: You serioeus?
(23:09 / Allies) ImGoing14Hatch: Okay, orange doesn't get the win now.
(23:11 / Allies) ImGoing14Hatch: No way, not letting it happen.
(23:15 / All) InvisableProtis: still
(23:17 / All) InvisableProtis: I wanna kill them first lol
(23:23 / Allies) turalyons: i win anyhow
(23:26 / Allies) turalyons: u guys lose
(23:29 / Allies) turalyons: lol
(23:32 / Allies) turalyons: dumb asses
(23:32 / All) InvisableProtis: oh right
(23:35 / All) InvisableProtis: forgot he could control purple
(23:35 / All) InvisableProtis: Lol
(23:42 / All) InvisableProtis: silly mea
(23:47 / All) ImGoing14Hatch: Orange thinks he's going to get a win out of this game.
(23:48 / All) ImGoing14Hatch: LOL!
(23:53 / All) ImGoing14Hatch: NONE OF YOU ARE GETTING A WIN.
(24:01 / Allies) ImGoing14Hatch: At him.
(24:33 / Allies) ImGoing14Hatch: b
(24:38 / All) turalyons: lol run bitches
(24:49 / All) turalyons: u guys aint gonna win this
(25:00 / All) ImGoing14Hatch: You don't think so?
(25:02 / All) turalyons: get togher u retards and attack all the expos
(25:09 / Allies) ImGoing14Hatch: Coming.
(25:33 / All) turalyons: lol u retards are fucked
(25:37 / All) ImGoing14Hatch: You're all bad.
(25:46 / All) InvisableProtis: |lol
(26:21 / All) turalyons: u bastard\
(26:26 / All) InvisableProtis: kik
(26:36 / All) ImGoing14Hatch: By the way, we don't intend to leave until orange leaves.
(26:50 / All) turalyons: rofl
(27:04 / Allies) turalyons: u fuckers are been held to ransom by 2 noobs u guys leave now
(27:10 / All) InvisableProtis: Lol
(27:24 / All) turalyons: either way i win
(27:30 / All) InvisableProtis: i dont' remember demanding money for their well-being
(27:31 / All) InvisableProtis: But ok
(27:35 / All) turalyons: i didnt want teal and blue to get win
(27:39 / All) InvisableProtis: lol
(27:43 / All) ImGoing14Hatch: We're playing on 0-0 smurf accounts.
(27:46 / All) ImGoing14Hatch: You think we give a fuck?
(27:55 / All) turalyons: and u fuckers cant kill them u 4 are the worse noobs ever
(28:03 / All) ImGoing14Hatch: You're worse than any of them.
(28:07 / All) turalyons: nah
(28:09 / All) InvisableProtis: Yeah
(28:29 / All) turalyons: how can u tell lol cause i couldnt hold off 3 armies while u expanded?
(28:38 / All) InvisableProtis: lol
(28:43 / All) InvisableProtis: of course you can't
(28:46 / All) InvisableProtis: when you're sitting outside of your base
(28:48 / All) InvisableProtis: with your units
(28:49 / All) InvisableProtis: Lol
(29:01 / All) turalyons: 4v4 dosent show any skills
(29:01 / All) ImGoing14Hatch: No, I don't think you understand how this works.
(29:11 / All) ImGoing14Hatch: We won the game two versus four.
(29:16 / All) InvisableProtis: v5*
(29:16 / All) ImGoing14Hatch: This means we can say anything we want and be correct.
(29:20 / All) ImGoing14Hatch: When we say you are bad, you are bad.
(29:21 / All) turalyons: cause of 4 noobs
(29:22 / All) ImGoing14Hatch: This is human nature.
(29:50 / Allies) ImGoing14Hatch: I need more lumber.
(29:55 / All) turalyons: lol leave dickheads they got all the gold
(30:02 / All) turalyons: dont watse time
(30:07 / Allies) InvisableProtis: i'm out of wood
(30:14 / Allies) ImGoing14Hatch: What a shame.
(30:16 / Allies) InvisableProtis: lol
(30:37 / All) InvisableProtis: leave me alone green
(30:38 / All) ImGoing14Hatch: Seriously, I ain't leaving until orange is gone.
(30:43 / All) InvisableProtis: i'm not in the mood for your shenannigans
(30:57 / All) InvisableProtis: I have 100 food fiend/desrt
(31:00 / All) InvisableProtis: so SHUT UP
(31:02 / Allies) ImGoing14Hatch: Get more Shades.
(31:07 / Allies) InvisableProtis: i have one
(31:26 / All) t1fail: pink have 4 k
(31:29 / All) t1fail: wwow
(31:33 / All) Free_Noob: PINK SUCK BALLS
(31:39 / All) ImGoing14Hatch: I have 6.5k. Your point?
(31:41 / All) t1fail: blue you fked the game
(31:46 / All) ImGoing14Hatch: You guys are playing Warcraft. I'm playing Civilization.
(32:15 / All) ImGoing14Hatch: Shit yes I fucked this game.
(32:27 / Allies) ImGoing14Hatch: Shade in.
(32:36 / Allies) InvisableProtis: its' there
(33:06 / All) InvisableProtis: What are you noobs still doing her elol
(33:09 / All) ImGoing14Hatch: This feels like that episode of The Simpsons where Maggie is in the ball pit, but instead of more balls, I'm adding more towers
(33:44 / Allies) ImGoing14Hatch: send in shade
(33:46 / Allies) ImGoing14Hatch: lol
(33:55 / All) InvisableProtis: Do you really thinkg you
(33:55 / Allies) ImGoing14Hatch: nvm
(33:56 / Allies) ImGoing14Hatch: get that
(34:00 / All) InvisableProtis: blademasters
(34:03 / All) InvisableProtis: can save you from fiend dest
(34:12 / Allies) ImGoing14Hatch: b
(34:39 / All) Free_Noob: KILL PINK
(34:44 / All) InvisableProtis: ?
(34:44 / All) InvisableProtis: LOL
(34:45 / All) Free_Noob: HE SUCKS
(34:50 / All) Free_Noob: KILL HIM
(35:07 / All) Free_Noob: HES GO MORE TOWERS
(35:09 / All) Free_Noob: GO NOW
(35:24 / All) t1fail: FK THAT TEAM OF FKING SHIT
(35:34 / All) i-Teamkill: u shouldnt be angry at me red cause we lost, u should be angry that the other team was so good
(35:36 / All) t1fail: JUST MASSING AIR UNITS VS COPTERS
(35:40 / All) ImGoing14Hatch: Thank you, pink gets it.
(35:53 / All) t1fail: PINK IS SO BAD
(35:59 / All) ImGoing14Hatch: If you couldn't win 2v5, that's your own damn fault.
(36:13 / All) t1fail: yaaa sure
(36:14 / All) turalyons: i have to agree with this noobs
(36:15 / All) Free_Noob: WHY A MAN WASTE TIME ON GAME
(36:16 / All) t1fail: its 3 v 2
(36:19 / All) t1fail: you are 3
(36:20 / All) Free_Noob: AND DONT PLAY!
(36:22 / All) t1fail: we are 2
(36:24 / All) t1fail: me and red
(36:25 / All) InvisableProtis: LOL?
(36:27 / All) ImGoing14Hatch: Oh, we are playing.
(36:27 / All) turalyons: they deserve the win ill leave once u clowns get owned
(36:29 / All) ImGoing14Hatch: We're having lots of fun.
(36:33 / All) ImGoing14Hatch: Once orange leaves, we're leaving.
(36:34 / All) ImGoing14Hatch: Y
(36:37 / All) ImGoing14Hatch: You get the win if you want it.
(36:55 / All) turalyons: iam not leaving until they leave so
(36:55 / All) Free_Noob: NO
(37:01 / Allies) InvisableProtis: does scroll of heal work on destros?
(37:01 / All) turalyons: i got all day
(37:02 / All) ImGoing14Hatch: Okay, I have 11,000 gold. I don't know what to do with it.
(37:03 / All) Free_Noob: I JUST WANT U GUYS KILL PINK
(37:05 / Allies) ImGoing14Hatch: Yeah.
(37:08 / Allies) InvisableProtis: ok good
(37:12 / All) t1fail: me i got all night
(37:15 / All) ImGoing14Hatch: Ditto.
(37:25 / All) t1fail: me idont quit
(37:26 / All) turalyons: let see who can hold out the longest
(37:29 / All) InvisableProtis: LOL
(37:31 / All) t1fail: but if you kill pink ya
(37:59 / All) t1fail: we have no expo
(38:05 / All) t1fail: go just kill pink
(38:06 / Allies) ImGoing14Hatch: That's gotta die.
(38:06 / All) t1fail: now
(38:12 / All) t1fail: we dont have units
(38:12 / All) Free_Noob: YES
(38:15 / All) Free_Noob: DO IT
(38:38 / All) t1fail: fuck xD
(38:45 / All) Free_Noob: KILL PINK
(39:00 / All) InvisableProtis: In-fighting between the team of 5?
(39:00 / All) ImGoing14Hatch: You do realize you already lost, right?
(39:04 / All) i-Teamkill: y do u guys hate me so much. i tried to help u
(39:04 / All) ImGoing14Hatch: The only one stopping you from admitting this is you.
(39:13 / All) ImGoing14Hatch: The only difference is that you haven't quit.
(39:29 / All) Free_Noob: I QUIT WHEN U KILL PINK
(39:35 / All) t1fail: me to
(39:48 / All) t1fail: gogogogog
(40:24 / All) t1fail: amke hero
(40:28 / All) t1fail: tp to pink
(41:35 / All) ImGoing14Hatch: Here's 11,000 gold for a Shade if you need it.
(41:38 / Allies) InvisableProtis: lol
(41:39 / Allies) InvisableProtis: no i
(41:41 / Allies) InvisableProtis: i have 6k
(41:45 / All) t1fail: plz
(41:53 / All) InvisableProtis: hah
(42:05 / All) t1fail: ok
(42:10 / All) turalyons: k going to watch a movie
(42:17 / All) ImGoing14Hatch: Enjoy.
(42:19 / All) t1fail: pink tp to green base and teamkill
(42:21 / All) t1fail: wow
(42:40 / All) ImGoing14Hatch: So wait, is pink trying to kill you guys?
(42:46 / All) Free_Noob: yes
(42:49 / All) InvisableProtis: lol
(42:51 / All) ImGoing14Hatch: Well...that's concerning.
(42:52 / All) t1fail: idk
(42:54 / All) ImGoing14Hatch: If pink kills you guys, orange wins.
(42:56 / All) t1fail: gg
(42:57 / All) ImGoing14Hatch: We can't let that happen, either.
(42:58 / All) InvisableProtis: When did that happen
(43:02 / All) InvisableProtis: when did he start that
(43:18 / All) InvisableProtis: Tp yellow
(43:21 / All) t1fail: lol
(43:23 / Allies) ImGoing14Hatch: Shade in.
(43:28 / All) InvisableProtis: right
(43:36 / All) Free_Noob: finish that shit
(43:37 / All) t1fail: im stck
(43:40 / Allies) InvisableProtis: can't get it in lol
(43:53 / Allies) InvisableProtis: does death and decay outrange orc towers?
(43:53 / All) Free_Noob: NOT GREEN
(43:55 / All) t1fail: go all fuck the mom of pink
(43:58 / All) ImGoing14Hatch: I know what I'm doing.
(43:59 / All) Free_Noob: ...
(44:14 / All) Free_Noob: KILL DEMOLISHERS
(44:16 / All) Free_Noob: GOOD
(44:22 / All) Free_Noob: U REALLY GOOD BLU
(44:28 / Allies) InvisableProtis: fuck it i'll just coil him
(44:29 / All) ImGoing14Hatch: I play to win.
(44:37 / All) i-Teamkill: im just glad u lose red
(44:44 / All) Free_Noob: OH TY
(44:52 / All) Free_Noob: ah
(44:56 / All) Free_Noob: now i go
(44:58 / Allies) InvisableProtis: orange is still here
(45:04 / All) ImGoing14Hatch: You in this, green?
(45:13 / All) ImGoing14Hatch: WAIT FUCK
(45:14 / All) ImGoing14Hatch: PIES
(45:16 / All) ImGoing14Hatch: WHY ARENT
(45:17 / All) ImGoing14Hatch: WE JUST KILLING
(45:18 / All) ImGoing14Hatch: ALL OUR SHIT
(45:22 / All) InvisableProtis: oh
(45:24 / All) InvisableProtis: should we do that?
(45:31 / All) ImGoing14Hatch: YES JESUS GO
(45:32 / All) InvisableProtis: ok
(45:35 / All) InvisableProtis: we want green to win?
(45:41 / All) ImGoing14Hatch: That's fine.
(45:43 / All) InvisableProtis: OK
(45:53 / All) InvisableProtis: EMERGENCY
(45:54 / All) InvisableProtis: EMERGECNY
(45:58 / All) InvisableProtis: SELF DESTRUCT SEQUENCE
(46:00 / All) InvisableProtis: INITIATED
(46:08 / All) InvisableProtis: EVACUATE ALL ACOLYTES IMMEDIATELY
(46:50 / All) InvisableProtis: We destroy our own empire
(46:55 / All) InvisableProtis: just so green wins
(46:55 / All) InvisableProtis: Lol
(47:02 / All) InvisableProtis: What a shame
(47:04 / All) InvisableProtis: It was a good empire
(47:06 / All) ImGoing14Hatch: Correction: So orange doesn't.
(47:09 / All) InvisableProtis: oh
(47:09 / All) InvisableProtis: right
(47:11 / All) ImGoing14Hatch: What a rotten way to stab.
(48:38 / All) InvisableProtis: For those watching, you can skip this part of the replay. Nothing interesting happens after this
(48:44 / All) ImGoing14Hatch: LOL.
(48:46 / All) new11: lol
(48:49 / All) new11: good one
(49:12 / All) ImGoing14Hatch: Dammit, green.
(49:16 / All) ImGoing14Hatch: Why didn't you tell us to do this earlier?
(49:20 / All) ImGoing14Hatch: Well...eh.
(49:23 / All) ImGoing14Hatch: None of them deserved to win, anyway.
(49:25 / All) ImGoing14Hatch: That's right.
(49:28 / All) new11: i was distracted
(49:37 / All) InvisableProtis: lol
(49:47 / All) ImGoing14Hatch: I guess if one of you guys has to win in place of orange, I'm okay with this.
(50:09 / All) new11: it's the least i can do for you guys
(50:12 / All) InvisableProtis: lol
(50:13 / All) ImGoing14Hatch: No problem, hun.
(50:35 / All) ImGoing14Hatch: Got about a dozen buildings left.
(50:58 / All) InvisableProtis: How long has this game been
(50:59 / All) InvisableProtis: An hour?
(51:03 / All) ImGoing14Hatch: Maybe.
(51:07 / All) InvisableProtis: Sure feels like
(51:07 / All) InvisableProtis: It
(51:14 / All) InvisableProtis: Understandable
(51:17 / All) ImGoing14Hatch: Alright, good game, sir.
(51:18 / All) InvisableProtis: Might play another with teelo
(51:21 / All) ImGoing14Hatch: Have fun.
(51:22 / All) InvisableProtis: GG